 Dungeon Crawl Stone Soup version 0.25-a0-561-g0977b4d109 (webtiles) character file.

Game seed: 4340398529955486241, levelgen mode: deterministic

53123 Flugslaktarn the Severer (level 14, -7/132 HPs)
             Began as a Deep Dwarf Fighter on Feb 25, 2020.
             Was the Champion of Makhleb.
             Mangled by a kraken (19 damage)
             ... on level 1 of the Shoals.
             The game lasted 00:09:59 (11650 turns).

Flugslaktarn the Severer (Deep Dwarf Fighter)      Turns: 11650, Time: 00:10:00

Health: -7/132     AC: 29    Str: 24    XL:     14   Next: 29%
Magic:  22/22      EV:  5    Int: 10    God:    Makhleb [******]
Gold:   621        SH: 19    Dex: 14    Spells: 13/13 levels left

rFire    . . .     SeeInvis .   a - +3 broad axe (vorpal)
rCold    . . .     Gourm    .   P - +0 tower shield
rNeg     + . .     Faith    +   M - +0 plate armour
rPois    .         Spirit   .   F - +0 helmet
rElec    .         Reflect  .   h - +2 cloak {MR+}
rCorr    .         Harm     .   B - +2 pair of gloves
MR       +++..                  O - +0 pair of boots
Stlth    ..........             m - amulet of faith
HPRegen  0.00/turn              (no ring)
MPRegen  0.18/turn              p - +4 ring of protection

@: non-regenerating, very slow
A: damage resistance, heal wounds, claws 1, agile 1, negative energy resistance
1, sense surroundings 2, no regeneration
a: Heal Wounds, Minor Destruction, Lesser Servant of Makhleb, Major Destruction,
Greater Servant of Makhleb, Renounce Religion


You were on level 1 of the Shoals.
You worshipped Makhleb.
Makhleb was exalted by your worship.
You were not hungry.

You visited 4 branches of the dungeon, and saw 19 of its levels.

You collected 815 gold pieces.
You spent 194 gold pieces at shops.

Inventory:

Hand Weapons
 a - a +3 vorpal broad axe (weapon)
   (You took it off a meliai on level 13 of the Dungeon)
 b - a +0 hand axe of flaming
   (You took it off a meliai on level 13 of the Dungeon)
Missiles
 s - 7 throwing nets (quivered)
Armour
 h - a +2 cloak of magic resistance (worn)
   (You found it on level 4 of the Dungeon)
 o - a +1 cloak of invisibility
   (You took it off Crazy Yiuf on level 4 of the Dungeon)
 B - a +2 pair of gloves (worn)
   (You found it on level 5 of the Dungeon)
 F - a +0 helmet (worn)
   (You found it on level 8 of the Dungeon)
 M - a +0 plate armour (worn)
   (You took it off an orc warrior on level 10 of the Dungeon)
 O - a +0 pair of boots (worn)
   (You found it on level 11 of the Dungeon)
 P - a +0 tower shield (worn)
   (You took it off an orc on level 11 of the Dungeon)
Jewellery
 c - an uncursed ring of protection from cold
   (You found it on level 11 of the Dungeon)
 f - an uncursed ring of protection from fire
   (You found it on level 2 of the Dungeon)
 m - an amulet of faith (around neck)
   (You found it on level 2 of the Dungeon)
 p - a +4 ring of protection (right hand)
   (You found it on level 5 of the Dungeon)
 v - a +1 ring of evasion
   (You found it on level 6 of the Dungeon)
Wands
 x - a wand of iceblast (21)
   (You found it on level 7 of the Dungeon)
 D - a wand of paralysis (18)
   (You found it on level 7 of the Dungeon)
Scrolls
 r - 3 scrolls of identify
 t - 8 scrolls of teleportation
 u - 2 scrolls of fear
 w - 4 scrolls of remove curse
 y - a scroll of brand weapon
 z - 3 scrolls of blinking
 C - a scroll of holy word
 K - 2 scrolls of fog
 L - 3 scrolls of immolation
 Q - 5 scrolls of magic mapping
Potions
 d - 3 potions of might
 g - 2 potions of berserk rage
 i - 8 potions of heal wounds
 j - a potion of mutation
 k - 2 potions of flight
 n - a potion of resistance
 q - 4 potions of curing
 A - 2 potions of stabbing
 G - 3 potions of lignification
 I - a potion of cancellation
Comestibles
 e - 26 rations
 E - 10 chunks of flesh


   Skills:
 + Level 10.1 Fighting
 * Level 15.8 Axes
 + Level 11.8 Armour
 + Level 11.9 Shields
 + Level 12.3 Invocations


You had 13 spell levels left.
You didn't know any spells.
Your spell library was empty.

Dungeon Overview and Level Annotations

Branches:
Dungeon (15/15)            Temple (1/1) D:5            Lair (2/6) D:8
 Shoals (1/4) Lair:2        Snake (0/4) Lair:2          Orc (0/2) D:11
 Vaults (0/5) D:13         Depths (0/5) D:15

Altars:
Cheibriados
Dithmenos
Fedhas
Gozag
Hepliaklqana
Kikubaaqudgha
Makhleb
Nemelex Xobeh
Okawaru
Qazlal
Ru
Sif Muna
Uskayaw
Vehumet
Wu Jian
Xom
Yredelemnul

Shops:
D:9 *(?

Portals:
Trove: D:12 (show abyssal rune of Zot)

Annotations:
D:4 exclusion: door
D:12 3 runed translucent doors, Flugslaktarn's ghost, journeyman DDFi
D:15 exclusion: 4 doors


Innate Abilities, Weirdness & Mutations

You are resistant to damage.
You can heal yourself by infusing magical energy.
You resist negative energy. (rN+)
You passively map the area around you.
You do not regenerate.
You have sharp fingernails.
You are agile. (Dex +2)


Message History

You are too injured to fight recklessly!
You slash the kraken!
The kraken is severely wounded.
You barely miss the tentacle. You slash the tentacle! x2
You kill the tentacle!
You hit the tentacle.
The tentacle slaps you but does no damage.
You block the tentacle's attack.
The tentacle slaps you but does no damage.
You block the kraken's attack.
The tentacle slaps you but does no damage.
Your unstable footing causes you to fumble your attack.
The tentacle slaps you!
* * * LOW HITPOINT WARNING * * *
The tentacle slaps you!
* * * LOW HITPOINT WARNING * * *
You block the tentacle's attack.
A tentacle rises from the water!
You block the tentacle's attack. x2; The tentacle slaps you.
The kraken bites you!!
You die...

≈≈ ≈ ≈ ≈ ≈ ≈
≈≈≈≈≈≈≈≈≈≈≈≈≈≈≈≈ ≈ ≈ ≈
≈≈≈≈≈≈≈≈≈≈≈≈≈≈≈≈ ≈ ≈≈
≈≈≈≈≈≈≈≈≈≈≈≈≈≈≈≈≈≈≈ ≈
≈ ≈≈≈≈≈≈≈≈≈≈≈≈≈≈≈≈≈ ≈
≈ ≈
≈≈≈≈≈≈≈≈≈≈≈≈≈≈≈≈≈≈≈≈≈≈
≈ ≈≈≈≈≈≈≈≈§§§§§≈≈≈≈≈≈
≈ ≈ ≈
≈≈≈≈≈≈≈wwXw§≈≈≈≈≈≈ ≈ ≈
≈ ≈ ≈≈≈≈≈≈≈≈§§@w§≈≈≈≈≈
≈ ≈ ≈≈
≈.≈≈[≈≈§§§§§≈≈≈≈≈≈ ≈ ≈
........§§≈≈≈≈≈≈≈≈ ≈ ≈
, .%##..<....≈≈≈≈≈ , ,
*##..###..≈≈≈≈ ≈ ,≈ ,
#### #..≈≈. ,≈ ≈ ,,**
#...#* , ≈ ≈ *...# *,
≈ ≈, , * .##


You could see a kraken and 4 tentacles.

Vanquished Creatures
  Harold (D:9)
  8 vault guards (D:13)
  A centaur warrior (D:13)
  4 two-headed ogres
  A hydra (Lair:2)
  A queen ant (Lair:2)
  A tengu warrior (D:14)
  Sonja (Lair:2)
  4 skeletal warriors (D:12)
  4 unseen horrors
  2 deep elf archers (D:15)
  Pikel (D:5)
  8 deep elf magi (D:15)
  An ugly thing (D:13)
  4 cyclopes
  A salamander (shapeshifter) (D:15)
  3 manticores
  A guardian serpent (Lair:2)
  A spiny frog (Lair:1)
  Joseph (D:8)
  Maggie (D:8)
  A kobold demonologist (D:13)
  4 komodo dragons
  2 tengu conjurers (D:14)
  10 trolls
  3 meliai (D:13)
  3 hornets
  A merfolk (Lair:2)
  Prince Ribbit (D:9)
  A meliai zombie (D:14)
  10 hippogriffs
  5 slime creatures (D:13)
  4 water elementals (D:10)
  A spriggan (D:10)
  3 shadows
  Grum (D:8)
  34 yaks
  3 wyverns
  A steam dragon (D:10)
  A basilisk (D:15)
  4 hungry ghosts
  Edmund (D:4)
  20 soldier ants (Lair:2)
  2 porcupines (Lair:2)
  Duvessa (D:6)
  A swamp drake (D:11)
  3 sky beasts
  2 black bears (D:9)
  8 orc warriors
  2 slaves (D:5)
  4 ice beasts
  3 ogres
  3 phantoms
  2 eyes of draining
  3 wolves (D:8)
  3 centaurs
  2 crocodiles
  2 big kobolds
  13 bullfrogs
  A water moccasin zombie (D:7)
  Dowan (D:6)
  2 wyvern skeletons
  3 scorpions
  13 killer bees
  7 crimson imps
  4 centaur zombies
  3 quasits
  8 hounds
  A bullfrog zombie (D:9)
  2 jellies
  A gnoll shaman (D:8)
  2 centaur skeletons
  Crazy Yiuf (D:4)
  8 orc priests
  12 orc wizards
  2 bullfrog skeletons
  Terence (D:2)
  28 worker ants
  A hound zombie (D:7)
  A worker ant zombie (D:9)
  10 gnolls
  9 adders
  3 shadow imps
  An ooze (D:3)
  An adder zombie (D:6)
  An adder skeleton (D:4)
  3 leopard geckos
  52 orcs
  A giant cockroach (D:6)
  3 goblins (D:3)
  4 hobgoblins
  8 jackals
  15 kobolds
  10 quokkas
  2 ball pythons (D:5)
  2 bats
  7 frilled lizards
  2 jackal skeletons
  A leopard gecko zombie (D:5)
  A quokka zombie (D:5)
  5 rats
  A tentacle (Shoals:1)
462 creatures vanquished.

Vanquished Creatures (collateral kills)
  3 hydras
  A centaur zombie (D:13)
  A troll (D:13)
  A bullfrog (D:11)
  An iguana (D:12)
7 creatures vanquished.

Vanquished Creatures (others)
  Maurice (D:12)
  An iguana (D:5)
  An orc (D:10)
  A quokka (D:5)
4 creatures vanquished.

Grand Total: 473 creatures vanquished

Notes
Turn   | Place    | Note
-------+----------+-------------------------------------------
     0 | D:1      | Flugslaktarn the Deep Dwarf Fighter began the quest for the
                  | Orb.
     0 | D:1      | Reached XP level 1. HP: 20/20 MP: 1/1
   208 | D:2      | Reached XP level 2. HP: 18/27 MP: 2/2
   270 | D:2      | Noticed Terence
   292 | D:2      | Killed Terence
   292 | D:2      | Reached skill level 3 in Axes
   292 | D:2      | Reached XP level 3. HP: 25/34 MP: 3/3
   378 | D:3      | Found an opulent altar of Gozag.
   518 | D:3      | Reached XP level 4. HP: 42/42 MP: 4/4
   995 | D:4      | Found a runed translucent door.
   996 | D:4      | Noticed Crazy Yiuf
  1079 | D:4      | Found a shimmering blue altar of Sif Muna.
  1191 | D:4      | Reached skill level 4 in Axes
  1191 | D:4      | Reached XP level 5. HP: 46/49 MP: 5/5
  1215 | D:4      | Noticed Edmund
  1226 | D:4      | Killed Edmund
  1226 | D:4      | Reached XP level 6. HP: 46/56 MP: 6/6
  1570 | D:4      | Killed Crazy Yiuf
  1641 | D:5      | Entered Level 5 of the Dungeon
  1659 | D:5      | Noticed a slave
  1662 | D:5      | Reached skill level 5 in Axes
  1664 | D:5      | Noticed a slave
  1671 | D:5      | Killed a slave
  1679 | D:5      | Killed a slave
  1727 | D:5      | Found a radiant altar of Vehumet.
  1764 | D:5      | Found a shadowy altar of Dithmenos.
  1789 | D:5      | Reached XP level 7. HP: 38/64 MP: 7/7
  1841 | D:5      | Noticed Pikel
  1864 | D:5      | Killed Pikel
  1864 | D:5      | Reached skill level 6 in Axes
  1864 | D:5      | Reached skill level 5 in Armour
  1864 | D:5      | Reached skill level 5 in Shields
  1864 | D:5      | Reached XP level 8. HP: 71/73 MP: 7/7
  1896 | D:5      | Found an ornate altar of the Wu Jian Council.
  1896 | D:5      | Found a snail-covered altar of Cheibriados.
  1908 | D:5      | Found a staircase to the Ecumenical Temple.
  1919 | Temple   | Entered the Ecumenical Temple
  2029 | Temple   | Became a worshipper of Makhleb the Destroyer
  2110 | D:5      | Gained mutation: You have sharp fingernails. [potion of
                  | mutation]
  2110 | D:5      | Gained mutation: You are agile. (Dex +2) [potion of
                  | mutation]
  2349 | D:6      | Reached skill level 7 in Axes
  2349 | D:6      | Reached skill level 1 in Invocations
  2377 | D:6      | Reached * piety under Makhleb
  2381 | D:6      | Reached skill level 5 in Fighting
  2516 | D:6      | Noticed Dowan
  2516 | D:6      | Noticed Duvessa
  2521 | D:6      | Killed Duvessa
  2524 | D:6      | Killed Dowan
  2652 | D:6      | Reached skill level 8 in Axes
  3029 | D:7      | Gained mutation: You passively map the area around you.
                  | [Deep Dwarf growth]
  3029 | D:7      | Reached XP level 9. HP: 64/81 MP: 10/10
  3035 | D:7      | Reached ** piety under Makhleb
  3413 | D:7      | Reached skill level 9 in Axes
  3454 | D:7      | Found a hazy altar of Hepliaklqana.
  3637 | D:8      | Reached skill level 5 in Invocations
  3698 | D:8      | Reached *** piety under Makhleb
  3713 | D:8      | Noticed a two-headed ogre
  3742 | D:8      | Killed a two-headed ogre
  3742 | D:8      | Reached XP level 10. HP: 83/91 MP: 11/13
  3813 | D:8      | Noticed Joseph
  3830 | D:8      | Killed Joseph
  3830 | D:8      | Reached skill level 10 in Axes
  3888 | D:8      | Found a basalt altar of Yredelemnul.
  3903 | D:8      | Found the +10 Black Knight's horse barding {ponderous,
                  | rPois rN+}
  4087 | D:8      | Found a staircase to the Lair.
  4103 | D:8      | Found a stormy altar of Qazlal.
  4106 | D:8      | Found a blossoming altar of Fedhas.
  4140 | D:8      | Noticed Maggie
  4141 | D:8      | Noticed Grum
  4168 | D:8      | Killed Maggie
  4184 | D:8      | Killed Grum
  4495 | D:9      | Noticed Harold
  4511 | D:9      | Killed Harold
  4542 | D:9      | Found Utikher's General Store.
  4582 | D:9      | Reached skill level 11 in Axes
  4598 | D:9      | Reached **** piety under Makhleb
  4643 | D:9      | Found an ancient bone altar of Kikubaaqudgha.
  4889 | D:9      | Reached XP level 11. HP: 100/100 MP: 15/15
  5135 | D:9      | Noticed Prince Ribbit
  5212 | D:9      | Killed Prince Ribbit
  5227 | D:9      | Found Deenuwytuu's Magic Scroll Shoppe.
  5235 | D:9      | Bought a scroll of enchant weapon for 97 gold pieces
  5235 | D:9      | Bought a scroll of enchant weapon for 97 gold pieces
  5245 | D:9      | Found Mestrann's Weapon Shoppe.
  5465 | D:10     | Entered Level 10 of the Dungeon
  5698 | D:10     | Reached ***** piety under Makhleb
  5845 | D:10     | Reached skill level 12 in Axes
  6631 | D:11     | Noticed a five-headed hydra
  6638 | D:11     | Killed a five-headed hydra
  6769 | D:11     | Found a snail-covered altar of Cheibriados.
  7077 | D:11     | Found a staircase to the Orcish Mines.
  7490 | D:12     | Noticed a two-headed ogre
  7495 | D:12     | Killed a two-headed ogre
  7495 | D:12     | Reached XP level 12. HP: 110/110 MP: 17/17
  7550 | D:12     | Reached skill level 13 in Axes
  7643 | D:12     | Noticed a two-headed ogre
  7647 | D:12     | Killed a two-headed ogre
  7673 | D:12     | Reached skill level 10 in Shields
  7718 | D:12     | Found a portal to a secret trove of treasure.
  7732 | D:12     | Noticed Maurice
  7751 | D:12     | Found a sacrificial altar of Ru.
  7807 | D:12     | Killed Maurice
  7807 | D:12     | Reached skill level 10 in Armour
  7854 | D:12     | Noticed a four-headed hydra
  7930 | D:12     | Found a runed translucent gate.
  7930 | D:12     | Found a runed translucent gate.
  7930 | D:12     | Found a runed translucent gate.
  8163 | D:12     | Noticed Flugslaktarn's ghost (journeyman DDFi)
  8334 | D:12     | Killed a 14-headed hydra
  8334 | D:12     | Reached skill level 10 in Invocations
  8437 | D:13     | Noticed a centaur warrior
  8455 | D:13     | Killed a centaur warrior
  8551 | D:13     | Noticed an eight-headed hydra
  8567 | D:13     | Killed a seven-headed hydra
  8619 | D:13     | Reached skill level 14 in Axes
  8816 | D:13     | Reached XP level 13. HP: 101/121 MP: 19/19
  8951 | D:13     | Found a gate to the Vaults.
  9016 | D:13     | Reached ****** piety under Makhleb
 10350 | D:15     | Entered Level 15 of the Dungeon
 10427 | D:15     | Reached skill level 15 in Axes
 10543 | D:15     | Found an ornate altar of the Wu Jian Council.
 10544 | D:15     | Found a sparkling altar of Nemelex Xobeh.
 10544 | D:15     | Found an opulent altar of Gozag.
 10674 | D:15     | Found a staircase to the Depths.
 10931 | Lair:1   | Entered Level 1 of the Lair of Beasts
 10948 | Lair:2   | Found a staircase to the Snake Pit.
 10963 | Lair:2   | Gained mutation: You resist negative energy. (rN+) [Deep
                  | Dwarf growth]
 10963 | Lair:2   | Reached XP level 14. HP: 130/130 MP: 21/21
 11061 | Lair:2   | Reached skill level 10 in Fighting
 11275 | Lair:2   | Noticed Sonja
 11295 | Lair:2   | Killed Sonja
 11621 | Lair:2   | Found a staircase to the Shoals.
 11637 | Shoals:1 | Entered Level 1 of the Shoals
 11637 | Shoals:1 | Noticed a kraken
 11650 | Shoals:1 | Mangled by a kraken

Levels and vault maps discovered:
D:1:      onia_arrival_mini_spirals, layout_basic
D:2:      layout_basic, uniq_terence
D:3:      layout_loops_cross, overflow_temple_1_default
D:4:      wander_river, layout_loops_cross, led_sif_book, uniq_edmund,
          uniq_crazy_yiuf_cottage
D:5:      layout_rooms, nicolae_dithmenos_through_a_glass_darkly,
          fiery_altar_vehumet, chequers_temple_overflow_statue_of_worship,
          minmay_temple_entry_butterflies, first_ration, uniq_pikel
D:6:      layout_loops_ring, uniq_duvessa
D:7:      layout_basic, lemuel_crystal_altar
D:8:      minmay_ornate_pinched, layout_loops_ring,
          grunt_temple_overflow_forces_of_nature,
          nicolae_overflow_crystal_walls, uniq_grum, uniq_joseph, uniq_maggie
D:9:      layout_basic, kiku_gazebo_garden_becter, serial_shops, shop,
          nicolae_shop_competitors_out_of_business, nicolae_shop_statue_plus,
          uniq_harold, uniq_prince_ribbit1
D:10:     layout_small_grid, the_bakery, hangedman_decor_growths,
          nicolae_underground_beach
D:11:     layout_irregular_city, erik_orc_1, basic_altar, glass_columns_a
D:12:     layout_cave_pools, basic_altar, enter_trove_0, gammafunk_ghost_icy,
          uniq_maurice
D:13:     layout_basic, erik_vaults_2
D:14:     layout_layer_cave, minmay_door_square
D:15:     hangedman_slaughterboxes
Temple:   minmay_temple_curvy_loop
Lair:1:   layout_roguey, minmay_lair_oklob_chamber, grunt_megastairs_4
Lair:2:   layout_cave_pods, elwin_shoals_entry_rooms,
          minmay_snake_entry_spellcaster, minivault_29, grunt_megastairs_5,
          uniq_sonja
Shoals:1: layout_shoals

Skill      XL: |  1  2  3  4  5  6  7  8  9 10 11 12 13 14 |
---------------+-------------------------------------------+-----
Fighting       | 3 4 5 6 7 8 9 10 | 10.1
Axes           | 3 4 5 6 8 9 11 12 14 15 | 15.8
Armour         | 4 5 6 7 8 9 10 11 | 11.8
Shields        | 4 5 6 7 8 9 10 11 | 11.9
Invocations    | 3 5 7 9 10 11 12 | 12.3

Action                   |  1- 3 |  4- 6 |  7- 9 | 10-12 | 13-15 || total
-------------------------+-------+-------+-------+-------+-------++-------
Melee: War axe           |    82 |       |       |       |       ||    82
       Hand axe          |     8 |   155 |   318 |   861 |     4 ||  1346
       Broad axe         |       |       |       |    69 |   585 ||   654
Invok: Lesser Servant of |       |       |       |     8 |       ||     8
 Abil: Heal Wounds       |     3 |     1 |     3 |     7 |     2 ||    16
Evoke: Wand              |       |       |       |     1 |     1 ||     2
  Use: Scroll            |       |       |    13 |    11 |     4 ||    28
       Potion            |       |       |     1 |       |       ||     1
 Stab: Distracted        |       |       |       |     1 |       ||     1
       Paralysed         |       |       |       |       |     1 ||     1
  Eat: Chunk             |       |     3 |     8 |    11 |    12 ||    34
       Ration            |       |       |     1 |     2 |       ||     3
Armor: Scale mail        |    50 |    12 |       |       |       ||    62
       Chain mail        |       |    86 |   148 |   188 |       ||   422
       Plate armour      |       |       |       |   400 |   336 ||   736
Dodge: Dodged            |    25 |    46 |    49 |   171 |    78 ||   369
Block: Kite shield       |    62 |    92 |   136 |   303 |       ||   593
       Tower shield      |       |       |       |   323 |   544 ||   867

Table legend:
 A = Non-vault XP
 B = Vault XP
 C = Vault XP percentage of total XP
 D = Non-vault monster count
 E = Vault monster count
 F = Vault count percentage of total count
                 A         B        C        D         E       F
            +---------+---------+-------+---------+---------+-------
      Total |   43878 |   32013 |  42.2 |     342 |     125 |  26.8
            +---------+---------+-------+---------+---------+-------
        D:1 |       4 |       0 |   0.0 |       3 |       0 |   0.0
        D:2 |      45 |      38 |  45.8 |      15 |       1 |   6.2
        D:3 |      35 |       0 |   0.0 |      16 |       0 |   0.0
        D:4 |      95 |     206 |  68.4 |       9 |       2 |  18.2
        D:5 |     396 |     641 |  61.8 |      16 |       1 |   5.9
        D:6 |    1085 |     220 |  16.9 |      35 |       2 |   5.4
        D:7 |    1144 |       0 |   0.0 |      26 |       0 |   0.0
        D:8 |     813 |    3195 |  79.7 |      24 |      18 |  42.9
        D:9 |    2919 |    1286 |  30.6 |      30 |       2 |   6.2
       D:10 |    4848 |    1064 |  18.0 |      37 |       5 |  11.9
       D:11 |    2614 |     589 |  18.4 |      21 |      17 |  44.7
       D:12 |    9392 |     245 |   2.5 |      28 |       1 |   3.4
       D:13 |    9803 |    7959 |  44.8 |      37 |       8 |  17.8
       D:14 |    4754 |       0 |   0.0 |      22 |       0 |   0.0
       D:15 |       0 |    9900 | 100.0 |       0 |      24 | 100.0
     Lair:1 |     403 |       0 |   0.0 |       1 |       0 |   0.0
     Lair:2 |    5528 |    6670 |  54.7 |      22 |      44 |  66.7
            +---------+---------+-------+---------+---------+-------
